 Dungeon Crawl Stone Soup version 0.32-a0-422-g28b100f618 (webtiles) character file.

Game seed: 12552255853994536279

1844 jasper the Carver (level 9, -2/61 (63) HPs)
             Began as a Coglin Chaos Knight on Feb 20, 2024.
             Was an Initiate of Cheibriados.
             Slain by a neqoxec (6 damage)
             ... summoned by Xom
             ... on level 7 of the Dungeon on Feb 21, 2024.
             The game lasted 00:13:23 (4504 turns).

jasper the Carver (Coglin Chaos Knight)             Turns: 4504, Time: 00:13:24

HP:   -2/61 (63)    AC:  6    Str: 13      XL:     9   Next: 12%
MP:   14/17         EV: 11    Int: 12      God:    Cheibriados [......]
Gold: 210           SH:  0    Dex: 16 (20) Spells: 8/8 levels left

rFire   + . .        (no weapon)
rCold   + . .        p - +1 short sword (drain) {Hwan}
rNeg    . . .        b - +2 leather armour
rPois   .            v - +0 helmet
rElec   .            c - +0 cloak
rCorr   .            l - +0 pair of gloves
SInv    .            (no boots)
Will    .....        (no amulet)
Stlth   +            d - ring of protection from fire
HPRegen 0.30/turn    k - ring of magical power
MPRegen 0.15/turn

%: no passive effects
@: immotile, lightly drained, revving, very slow
A: off-hand wielding, slow wielding, warmup strikes, legs shutdown, cold
resistance 1, deformed body, deterioration 1, low MP 1, evolution 1
a: Renounce Religion


You were on level 7 of the Dungeon.
You worshipped Cheibriados.
Cheibriados was noncommittal.
You visited 2 branches of the dungeon, and saw 8 of its levels.

You collected 210 gold pieces.

Inventory:

Hand Weapons
 a - a +0 falchion of chaos {Servia}
 e - a +0 short sword {Udom}
 p - a +1 short sword of draining (offhand) {Hwan}
Missiles
 h - 41 stones (quivered)
 w - 6 curare-tipped darts
Armour
 b - a +2 leather armour (worn)
 c - a +0 cloak (worn)
 l - a +0 pair of gloves (worn)
 v - a +0 helmet (worn)
Jewellery
 d - a ring of protection from fire (left grasper)
 k - a ring of magical power (right grasper)
 o - a ring of ice
 t - a ring of ice
Wands
 r - a wand of paralysis (6)
Scrolls
 n - a scroll of vulnerability
Potions
 f - 3 potions of haste
 i - 2 potions of brilliance
 m - a potion of attraction
 s - a potion of mutation


   Skills:
 - Level 3.0 Fighting
 + Level 11.9 Long Blades
 - Level 1.7 Armour
 - Level 0.8 Dodging


You had 8 spell levels left.
You didn't know any spells.
Your spell library contained the following spells:

 Spells                   Type           Power      Damage    Failure   Level
 Hailstorm                Conj/Ice       0%         3d5       77%         3
 Summon Ice Beast         Ice/Summ       0%         N/A       77%         3
 Sculpt Simulacrum        Ice/Alch       0%         N/A       100%        6


Dungeon Overview and Level Annotations

Branches:
Dungeon (7/15)             Temple (1/1) D:7

Altars:
Ashenzari
Cheibriados
Elyvilon
Gozag
Hepliaklqana
Kikubaaqudgha
Makhleb
Nemelex Xobeh
Okawaru
Qazlal
Ru
Sif Muna
Trog
Vehumet
Wu Jian
Xom
Yredelemnul
Zin
The Shining One

Shops:
D:1 :   D:6 *

Annotations:
D:4 2 transporters
D:7 Jeremiah


Innate Abilities, Weirdness & Mutations

You can wield a second weapon in your off-hand.
It takes a long time for you to wield or remove held weapons.
Your first few attacks do less damage.
Attacking and casting redirects power from your legs.
Your flesh is cold resistant. (rC+)
Armour fits poorly on your strangely shaped body.
Your body sometimes deteriorates upon taking damage.
Your magical capacity is low. (-10% MP)
You have hidden genetic potential.


Message History

The quasit claws you but does no damage. x2
The smoke demon hits you. The smoke demon misses you.
The smoke demon hits you but does no damage.
The soul eater barely misses you. The neqoxec gestures at you.
Something gnaws on your mind!
You feel your power leaking away. The white imp gestures at you.
The puff of frost hits you. You resist.
* * * LOW HITPOINT WARNING * * *
You continue parting from your +0 falchion of chaos {Servia}.
The quasit bites you but does no damage.
The quasit claws you but does no damage.
The quasit barely misses you. The quasit closely misses you.
The quasit claws you but does no damage.
The quasit claws you.
* * * LOW HITPOINT WARNING * * *
You feel clumsy. The neqoxec hits you!
* * * LOW HITPOINT WARNING * * *
The soul eater hits you but does no damage.
The smoke demon barely misses you. x3
You whisper farewell to Servia.
You finish parting from your +0 falchion of chaos {Servia}.
You take 60 damage, and have 3/61 hp.
MASSIVE DAMAGE!!
You now have 14/17 mp.
Unknown command.
Unknown command.
Unknown command.
Unknown command.
You hit the quasit but do no damage. The quasit barely misses you.
The quasit claws you but does no damage.
The quasit closely misses you.
Unknown command.
Unknown command.
Unknown command.
You miss the quasit with your +1 short sword of draining.
The neqoxec hits you.
You die...
Cheibriados appreciates the motionlessness of death. "Huh?
Did I miss anything?"

#.. #.# #.# #.# #.# #5#
##3##### #3@55..#
####43##..... #..555#
####+#### #.##.## +.......
####.##.# #.#...# .
#.......#####.#._.# ####.
#......)....#|#...#.##...
######..#.######.'.......+..#
#.........######.####'####.>#


You could see a soul eater (summoned), a rust devil (summoned), a smoke demon
(summoned), a neqoxec (summoned), an iron imp (summoned), a quasit (summoned), 3
white imps and a shadow imp (summoned).

Vanquished Creatures
  Grinder (D:5)
  Sigmund (D:5)
  A steam dragon (D:6)
  An orc warrior (D:6)
  2 ice beasts (D:6)
  A centaur (D:5)
  An ogre (D:6)
  2 phantoms (D:5)
  A gnoll sergeant (D:6)
  2 scorpions (D:5)
  4 hounds
  A jelly (D:7)
  An orc priest (D:4)
  A gnoll bouda (D:6)
  Natasha (thrice) (D:2)
  Terence (D:2)
  An orc wizard (D:4)
  8 gnolls (D:6)
  6 adders
  2 shadow imps (D:6)
  2 ufetubi (D:6)
  3 dart slugs
  2 ribbon worms
  12 orcs
  4 ball pythons (D:1)
  6 endoplasms
  5 giant cockroaches
  3 goblins
  2 hobgoblins
  17 jackals
  4 bats
  2 frilled lizards
  8 kobolds
  2 rats
113 creatures vanquished.

Vanquished Creatures (others)
  A bullfrog (D:7)
1 creature vanquished.

Grand Total: 114 creatures vanquished

Notes
Turn   | Place    | Note
-------+----------+-------------------------------------------
     0 | D:1      | jasper the Coglin Chaos Knight began the quest for the Orb.
     0 | D:1      | Reached XP level 1. HP: 18/18 MP: 1/1
    58 | D:1      | Reached XP level 2. HP: 16/24 MP: 2/2
    60 | D:1      | XOM: 2-stop teleportation journey
    61 | D:1      | Fell from the grace of Xom
   209 | D:1      | Reached skill level 4 in Long Blades
   219 | D:1      | Reached XP level 3. HP: 26/29 MP: 3/3
   272 | D:1      | Found Azuahu's Book Boutique.
   445 | D:1      | XOM: summons 6 hostile demons
   446 | D:1      | Noticed a rust devil
   446 | D:1      | Noticed a chaos spawn
   579 | D:2      | Noticed Natasha
   587 | D:2      | Killed Natasha
   588 | D:2      | Reached skill level 5 in Long Blades
   588 | D:2      | Reached XP level 4. HP: 35/35 MP: 4/4
   752 | D:2      | Noticed Natasha
   759 | D:2      | Killed Natasha
   760 | D:2      | Reached XP level 5. HP: 32/41 MP: 5/5
   802 | D:2      | Noticed Terence
   826 | D:2      | Killed Terence
   981 | D:2      | Noticed Natasha
   987 | D:2      | Killed Natasha
   988 | D:2      | Reached skill level 6 in Long Blades
  1289 | D:3      | Reached XP level 6. HP: 47/47 MP: 6/6
  1569 | D:3      | XOM: summons 2 hostile demons
  1570 | D:3      | Noticed a hellwing
  1720 | D:4      | Reached skill level 7 in Long Blades
  1812 | D:4      | Found a sparkling altar of Nemelex Xobeh.
  2010 | D:4      | Found a transporter.
  2017 | D:4      | Found a transporter.
  2018 | D:4      | Noticed an orc warrior
  2020 | D:4      | Noticed a water moccasin
  2093 | D:4      | XOM: summons 1 hostile demon
  2094 | D:4      | Noticed a smoke demon
  2101 | D:5      | Entered Level 5 of the Dungeon
  2114 | D:5      | Reached XP level 7. HP: 39/52 MP: 7/7
  2125 | D:5      | Reached skill level 8 in Long Blades
  2151 | D:5      | Upgraded the game from 0.32-a0-411-g744942f433 to
                  | 0.32-a0-422-g28b100f618
  2153 | D:5      | XOM: give mutations
  2153 | D:5      | Gained mutation: You are partially covered in iridescent
                  | scales. (AC +2) [Xom's mischief]
  2153 | D:5      | Gained mutation: Armour fits poorly on your strangely
                  | shaped body. [Xom's mischief]
  2153 | D:5      | Gained mutation: You are mostly covered in iridescent
                  | scales. (AC +4) [Xom's mischief]
  2173 | D:5      | XOM: give mutations
  2173 | D:5      | Gained mutation: You occasionally lose the ability to read
                  | scrolls when taking damage. [Xom's mischief]
  2173 | D:5      | Lost mutation: You are mostly covered in iridescent scales.
                  | (AC +4) [Xom's mischief]
  2173 | D:5      | Gained mutation: You have hidden genetic potential. [Xom's
                  | mischief]
  2173 | D:5      | Lost mutation: You occasionally lose the ability to read
                  | scrolls when taking damage. [Xom's mischief]
  2302 | D:5      | Noticed Grinder
  2311 | D:5      | Killed Grinder
  2312 | D:5      | Reached skill level 9 in Long Blades
  2312 | D:5      | Reached XP level 8. HP: 38/58 MP: 8/8
  2354 | D:5      | XOM: stat loss: -1 Dex (16/17)
  2480 | D:5      | Noticed Sigmund
  2495 | D:5      | Killed Sigmund
  2496 | D:5      | Reached skill level 10 in Long Blades
  2501 | D:5      | Gained mutation: Your flesh is cold resistant. (rC+)
                  | [hidden potential]
  2703 | D:5      | Found an iron altar of Okawaru.
  3128 | D:6      | Found Ytyrphuhy's Assorted Antiques.
  3316 | D:6      | XOM: give mutations
  3316 | D:6      | Lost mutation: You are partially covered in iridescent
                  | scales. (AC +2) [Xom's mischief]
  3316 | D:6      | Gained mutation: Your body sometimes deteriorates upon
                  | taking damage. [Xom's mischief]
  3330 | D:6      | Reached skill level 11 in Long Blades
  3442 | D:6      | Found a burning altar of Makhleb.
  3715 | D:6      | XOM: summons 2 hostile shadow creatures
  3928 | D:6      | Reached XP level 9. HP: 21/63 MP: 9/9
  4043 | D:6      | XOM: stat loss: -3 Dex (16/19)
  4154 | D:7      | Found a staircase to the Ecumenical Temple.
  4378 | Temple   | Entered the Ecumenical Temple
  4397 | Temple   | Became a worshipper of Cheibriados the Contemplative
  4446 | D:7      | Noticed Jeremiah
  4462 | D:7      | Found a broken altar of Ashenzari.
  4497 | D:7      | XOM: summons 10 hostile demons
  4498 | D:7      | Noticed a rust devil
  4498 | D:7      | Noticed a smoke demon
  4498 | D:7      | Noticed a soul eater
  4500 | D:7      | Gained mutation: Your magical capacity is low. (-10% MP) [a
                  | neqoxec]
  4502 | D:7      | HP: 3/61 [neqoxec[Xom] (12)]
  4504 | D:7      | Slain by a neqoxec

Illustrated notes

Levels and vault maps discovered:
D:1:      sevenhm_arrival_forest_fort_small_4, layout_loops_ring, serial_shops,
          nicolae_shop_tiny_real_fake_doors, st_stairs_4,
          nicolae_twisty_statue_hallways
D:2:      layout_rooms, kennysheep_generic_room_11, uniq_natasha, uniq_terence
D:3:      layout_loops_corners, kennysheep_generic_room_4
D:4:      layout_basic, mainiacjoe_overflow_boulevard,
          gammafunk_temple_overflow_arena
D:5:      layout_cave_pools, kennysheep_okawaru_gauntlet, uniq_sigmund,
          uniq_grinder
D:6:      layout_loops_ring, mainiacjoe_overflow_alcove_4, serial_shops, shop,
          lightli_orcish_oven
D:7:      layout_loops_ring, mainiacjoe_overflow_six_doors_small,
          minmay_temple_entry_sparse_star, uniq_jeremiah
Temple:   nicolae_temple_superstar

Skill      XL: |  1  2  3  4  5  6  7  8 |
---------------+-------------------------+-----
Long Blades    | 4 5 6 7 9 11 | 11.9
Fighting       | |  3.0
Armour         | |  1.7
Dodging        | |  0.8

Action                     |  1- 3 |  4- 6 |  7- 9 || total
---------------------------+-------+-------+-------++-------
  Melee: Falchion          |    50 |   118 |   136 ||   304
         Short sword       |    32 |   104 |   131 ||   267
  Throw: Stone             |     2 |     2 |     8 ||    12
         Dart              |       |       |     4 ||     4
 Invoke: Renounce Religion |     1 |       |       ||     1
  Evoke: Wand              |       |       |     6 ||     6
    Use: Scroll            |     1 |     4 |    10 ||    15
         Potion            |       |       |     1 ||     1
   Stab: Sleeping          |     3 |     1 |       ||     4
         Petrifying        |     2 |       |       ||     2
         Distracted        |       |     1 |       ||     1
         Confused          |       |     1 |       ||     1
         Paralysed         |       |       |     6 ||     6
 Armour: Leather armour    |    26 |    68 |    81 ||   175
  Dodge: Dodged            |    31 |    67 |    79 ||   177

Table legend: (Time is in decaauts)
 A = Elapsed time spent in this place.
 B = Non-inter-level travel time spent in this place.
 C = Inter-level travel time spent in this place.
 D = Time resting spent in this place.
 E = Time spent auto-exploring this place.
 F = Levels seen in this place.
 G = Mean time per level.
                   A        B        C        D        E       F      G
               +--------+--------+--------+--------+--------+-----+--------+
         Total |   4495 |   4298 |    197 |    397 |   2955 |   8 |  561.9 |
       Dungeon |   4451 |   4295 |    156 |    397 |   2955 |   7 |  635.9 |
        Temple |     44 |      3 |     41 |      0 |      0 |   1 |   44.0 |
               +--------+--------+--------+--------+--------+-----+--------+

Top non-repeatable levels by time:
     D:6: 1332 daAuts
     D:5: 741 daAuts
     D:2: 732 daAuts
     D:3: 503 daAuts
     D:1: 465 daAuts
     D:4: 391 daAuts
     D:7: 285 daAuts
  Temple: 44 daAuts
